 Dungeon Crawl Stone Soup version 0.30-a0-1114-gd936c97349 (webtiles) character file.

Game seed: 5349633839503734116

497 maxwells the Gusty (level 6, -8/25 HPs)
             Began as a Felid Air Elementalist on Apr 21, 2023.
             Was a Follower of Hepliaklqana.
             Mangled by Duvessa
             ... wielding a +0 short sword
              (17 damage)
             ... on level 7 of the Dungeon on Apr 22, 2023.
             The game lasted 00:22:13 (9778 turns).

maxwells the Gusty (Felid Air Elementalist)         Turns: 9778, Time: 00:22:14

Health: -8/25      AC:  2    Str: 10    XL:     6   Next: 93%
Magic:  14/14      EV: 19    Int: 19    God:    Hepliaklqana [*.....]
Gold:   410        SH:  5    Dex: 16    Spells: 10/15 levels left
                                        Lives:  0   Deaths: 2

rFire   . . .      SeeInvis +    (weapon unavailable)
rCold   . . .      Faith    .    (shield unavailable)
rNeg    . . .      Spirit   .    (body armour unavailable)
rPois   .          Reflect  +    (helmet unavailable)
rElec   .          Rampage  .    (cloak unavailable)
rCorr   .                        (gloves unavailable)
Will    .....                    (boots unavailable)
Stlth   +++                      u - amulet of reflection
HPRegen 0.24/turn                s - +6 ring of strength
MPRegen 0.14/turn                (no ring)

@: quick
A: reduced essence, very small, claws 1, fangs 3, see invisible, speed 1, shaggy
fur 2, stealthy paws, no weapons or thrown items, no armour, multi-lived
a: Renounce Religion, Recall Ancestor, Ancestor Identity


You were on level 7 of the Dungeon.
You worshipped Hepliaklqana.
Hepliaklqana was aware of your devotion.
You visited 2 branches of the dungeon, and saw 8 of its levels.

You collected 410 gold pieces.

Inventory:

Jewellery
 s - a +6 ring of strength (left paw)
 u - an amulet of reflection (around neck)
Scrolls
 c - 3 scrolls of fear {unknown}
 d - a scroll of summoning {unknown}
 g - 5 scrolls of identify
 h - 2 scrolls of noise {unknown}
 i - 2 scrolls of immolation
 n - a scroll of teleportation
 o - 2 scrolls of magic mapping {unknown}
 p - 2 scrolls of vulnerability
 r - a scroll of fog {unknown}
Potions
 a - a potion of magic
 b - a potion of resistance
 e - a potion of brilliance
 f - 2 potions of cancellation
 j - a potion of heal wounds {unknown}
 k - 2 potions of berserk rage {unknown}
 l - 3 potions of curing {unknown}
 m - 2 potions of haste {unknown}
 q - a potion of experience {unknown}
 t - a potion of lignification {unknown}
 v - a potion of flight {unknown}
 w - a potion of might


   Skills:
 + Level 3.7 Fighting
 + Level 5.4 Dodging
 + Level 6.0 Stealth
 - Level 5.2 Spellcasting
 - Level 2.9 Conjurations
 * Level 7.0 Air Magic


You had 10 spell levels left.
You knew the following spells:

 Your Spells              Type           Power      Damage    Failure   Level
a - Shock                 Conj/Air       92%        1d8       1%          1
b - Airstrike             Air            15%        2d(3-19)  7%          4

Your spell library contained the following spells:

 Spells                   Type           Power      Damage    Failure   Level
 Swiftness                Air            31%        N/A       1%          3
 Static Discharge         Conj/Air       46%        2-4/arc   2%          2
 Dazzling Flash           Conj/Hex       20%        N/A       21%         3
 Volatile Blastmotes      Fire/Tloc      8%         2d10      36%         3
 Iskenderun's Mystic Bla  Conj/Tloc      10%        2d4       54%         4
 Starburst                Conj/Fire      5%         6d4       100%        6


Dungeon Overview and Level Annotations

Branches:
Dungeon (7/15)             Temple (1/1) D:4

Altars:
Dithmenos
Gozag
Hepliaklqana
Kikubaaqudgha
Okawaru
Ru
Wu Jian
Zin

Annotations:
D:7 Duvessa


Innate Abilities, Weirdness & Mutations

Your life essence is reduced to manifest your ancestor. (-10% HP)
You have sharp claws.
You have razor-sharp teeth.
You have supernaturally acute eyesight. (SInv)
You cover ground quickly. (Speed+)
You are covered in thick fur. (AC +2)
Your paws help you pounce on unaware monsters.
You are incapable of wielding weapons or throwing items.
You cannot wear armour.
You gain extra lives every three experience levels.


Message History

Level annotation: Duvessa Welcome back, maxwells the Felid Air Elementalist.
Hepliaklqana says: Your past becomes your present!
Press ? for a list of commands and other information.
There is a lethal amount of poison in your body!
There is a lethal amount of poison in your body!
There is a lethal amount of poison in your body!
There is a lethal amount of poison in your body!
There is a lethal amount of poison in your body!
* * * LOW HITPOINT WARNING * * *
You feel very sick.
* * * LOW HITPOINT WARNING * * *
You feel very sick.
The kobold brigand throws a curare-tipped dart.
The curare-tipped dart hits you.
You are more poisoned.
You have difficulty breathing.
You die...
You feel as though you will be slow longer.
You are now level 6!
You rejoin the land of the living...
Unknown command.
Unknown command.
Unknown command.
You hear a shout!
You hear a shout!
You start waiting.
You hear a shout! x10
Duvessa is nearby!
Duvessa is nearby!
Duvessa is nearby!
Duvessa is nearby!
You block Duvessa's attack. Duvessa misses you.
Duvessa hits you with a +0 short sword! You block Duvessa's attack.
Duvessa completely misses you. Duvessa closely misses you.
Duvessa hits you with a +0 short sword! Duvessa hits you with a +0 short sword!
Ouch! That really hurt!
You die...

....>###### #.. #
#...#+###......#.### ..# .#
#...........#....S.e ##.####.#
#.......[#..#..#.##. ........ #
#................##. ##.#..# #..
#........#..#e##.##. ......#
#...#.............#..... .#.#).#
#...........[...###..##. ......#
#......@....#...........
.#.########......e...#!#.#####.##
.#.#.................... #....
##.#...........####....# #....
##'#........... ..... ####....
........)...... .#.# #.....#.
.............. . . . <..#....
.............. ##. ..# .. #....
###...#####....#.. e. ........


You could see Duvessa (berserk).

Vanquished Creatures
  Pikel (D:4)
  3 water moccasins
  2 ogres
  2 ice beasts
  2 lemures
  A bullfrog (D:7)
  A scorpion (D:2)
  Dowan (D:7)
  2 electric eels (D:6)
  3 orc priests
  Crazy Yiuf (D:2)
  4 hounds
  2 iguanas
  A sleepcap (D:5)
  2 orc wizards (D:5)
  3 gnolls (D:3)
  4 adders
  A shadow imp (D:7)
  2 white imps
  3 dart slugs
  14 orcs
  6 endoplasms
  A giant cockroach (D:4)
  2 goblins
  2 hobgoblins (D:2)
  3 jackals (D:4)
  4 kobolds
  3 quokkas
  5 ball pythons
  2 bats
  A frilled lizard (D:1)
  3 rats
87 creatures vanquished.

Vanquished Creatures (others)
  2 fungi (D:2)
  23 plants (D:6)
25 creatures vanquished.

Grand Total: 112 creatures vanquished

Notes
Turn   | Place    | Note
-------+----------+-------------------------------------------
     0 | D:1      | maxwells the Felid Air Elementalist began the quest for the
                  | Orb.
     0 | D:1      | Reached XP level 1. HP: 7/7 MP: 4/4
   346 | D:1      | Reached skill level 3 in Air Magic
   957 | D:2      | Reached XP level 2. HP: 11/11 MP: 3/6
  1144 | D:2      | Reached skill level 1 in Conjurations
  1470 | D:2      | Noticed a scorpion
  1709 | D:2      | Killed a scorpion
  1710 | D:2      | Reached XP level 3. HP: 14/14 MP: 1/8
  1710 | D:2      | Reached XP level 4. HP: 18/18 MP: 1/9
  1809 | D:2      | Found a runed translucent door.
  1810 | D:2      | Noticed Crazy Yiuf
  2076 | D:2      | Killed Crazy Yiuf
  2077 | D:2      | Reached skill level 4 in Air Magic
  2555 | D:3      | Reached XP level 5. HP: 10/21 MP: 3/10
  3330 | D:4      | Found a shadowy altar of Dithmenos.
  3334 | D:4      | Noticed a lemure
  3338 | D:4      | Noticed Pikel
  3384 | D:3      | Killed a lemure
  3768 | D:4      | Noticed a lemure
  3954 | D:4      | Found a glowing silver altar of Zin.
  4255 | D:4      | Found a staircase to the Ecumenical Temple.
  4337 | D:4      | Gained mutation: You are covered in thick fur. (AC +2)
                  | [Felid growth]
  4337 | D:4      | Reached XP level 6. HP: 10/24 MP: 2/12
  4399 | Temple   | Entered the Ecumenical Temple
  4420 | Temple   | Became a worshipper of Hepliaklqana the Forgotten
  4967 | D:4      | Learned a level 4 spell: Airstrike
  5012 | D:5      | Entered Level 5 of the Dungeon
  5039 | D:5      | Noticed a water moccasin
  5595 | D:4      | Killed Pikel
  5596 | D:4      | Reached skill level 1 in Fighting
  5596 | D:4      | Reached skill level 5 in Spellcasting
  5596 | D:4      | Reached skill level 5 in Air Magic
  5596 | D:4      | Reached XP level 7. HP: 28/28 MP: 8/15
  6860 | D:5      | Reached * piety under Hepliaklqana
  6907 | D:5      | Reached XP level 8. HP: 30/30 MP: 4/16
  7211 | D:5      | Reached skill level 6 in Air Magic
  7704 | D:6      | Reached skill level 5 in Stealth
  9132 | D:7      | Reached skill level 5 in Dodging
  9418 | D:7      | Noticed Duvessa
  9418 | D:7      | Noticed Dowan
  9426 | D:7      | Killed Dowan
  9537 | D:7      | Reached skill level 7 in Air Magic
  9542 | D:7      | Slain by Duvessa
  9543 | D:7      | Reached XP level 7. HP: -3/27 MP: 5/15
  9715 | D:7      | Asphyxiated
  9716 | D:7      | Reached XP level 6. HP: -4/25 MP: 4/14
  9778 | D:7      | Mangled by Duvessa

Illustrated notes

Levels and vault maps discovered:
D:1:      dpeg_arrival_tiny_j, layout_basic
D:2:      layout_rooms, uniq_crazy_yiuf_cottage
D:3:      layout_loops_ring
D:4:      layout_basic, mainiacjoe_overflow_tiny_flanked, amcnicky_altar_gilded,
          minmay_temple_entry_tees, kennysheep_nub, uniq_pikel
D:5:      layout_basic, dreamdust_princess_corridor, kennysheep_generic_room_7
D:6:      layout_loops_ring, serial_bayou, serial_bayou_crossing,
          serial_bayou_pond_e, serial_bayou_lagoon_a, serial_bayou_shore_a
D:7:      layout_basic, chequers_garden, abandoned_shop, uniq_duvessa
Temple:   hellmonk_temple_of_storms

Skill      XL: |  1  2  3  4  5  6  7  8 |
---------------+-------------------------+-----
Air Magic      | 3 4 5 7 |  7.0
Conjurations   | 1 2 |  2.9
Spellcasting   | 3 5 |  5.2
Fighting       | 1 2 3 |  3.7
Stealth        | 3 4 6 |  6.0
Dodging        | 3 5 |  5.4

Action                     |  1- 3 |  4- 6 |  7- 9 || total
---------------------------+-------+-------+-------++-------
  Melee: Unarmed           |       |       |     6 ||     6
         Punch             |       |       |     1 ||     1
         Bite              |       |       |     1 ||     1
   Cast: Shock             |    51 |   123 |    24 ||   198
         Airstrike         |       |     8 |    49 ||    57
    Use: Scroll            |       |       |    11 ||    11
         Potion            |       |       |     1 ||     1
 Armour: Skin              |     1 |     1 |       ||     2
  Dodge: Dodged            |     9 |    26 |    21 ||    56
  Block: Other             |       |     2 |       ||     2

Table legend: (Time is in decaauts)
 A = Elapsed time spent in this place.
 B = Non-inter-level travel time spent in this place.
 C = Inter-level travel time spent in this place.
 D = Time resting spent in this place.
 E = Time spent auto-exploring this place.
 F = Levels seen in this place.
 G = Mean time per level.
                   A        B        C        D        E       F      G
               +--------+--------+--------+--------+--------+-----+--------+
         Total |   8783 |   8291 |    492 |   3373 |   3565 |   8 | 1097.9 |
       Dungeon |   8758 |   8266 |    492 |   3359 |   3565 |   7 | 1251.1 |
        Temple |     24 |     24 |      0 |     14 |      0 |   1 |   24.0 |
               +--------+--------+--------+--------+--------+-----+--------+

Top non-repeatable levels by time:
     D:4: 2012 daAuts
     D:5: 1352 daAuts
     D:6: 1322 daAuts
     D:2: 1241 daAuts
     D:3: 1169 daAuts
     D:7: 913 daAuts
     D:1: 747 daAuts
  Temple: 24 daAuts
